3L
BROOKLYN DODGERS @ MISSISSIPPI MOCKINGBIRDS
07/14/2039
 
TOP OF THE 1ST
Brooklyn Dodgers batting - Pitching for Mississippi Mockingbirds : RHP Carlos Vargas
Pitching: RHP Carlos Vargas
Batting: LHB Alexis Raimbault 0-0: Foul Ball, location: 2F
0-1: Ball
1-1: Fly out, F8 (Flyball, 8LS, EV 94.4 MPH)
Batting: LHB Tony Wonder 0-0: Ball
1-0: Called Strike
1-1: Called Strike
1-2: SINGLE (Groundball, 4, EV 101.2 MPH) (infield hit)
Batting: RHB Carlos Muñóz 0-0: Ball
1-0: Ball
2-0: 2-RUN HOME RUN (Flyball, 78XD, EV 101.2 MPH), Distance : 376 ft
Batting: RHB Bill Chaundler 0-0: Called Strike
0-1: Foul Ball, location: 2F
0-2: Foul Ball, location: 2F
0-2: SOLO HOME RUN (Flyball, 7LD, EV 91.2 MPH), Distance : 353 ft
Batting: SHB Peer van Lochem 0-0: Ball
1-0: Called Strike
1-1: Ball
2-1: Called Strike
2-2: Strikes out swinging
Batting: LHB Hugh Hill 0-0: Ball
1-0: Ball
2-0: SINGLE (Groundball, 3D, EV 95.6 MPH)
Batting: RHB Quindarious Monday 0-0: Called Strike
0-1: Foul Ball, location: 2F
0-2: Strikes out looking
Top of the 1st over - 3 runs, 4 hits, 0 errors, 1 left on base; Brooklyn 3 - Mississippi 0
BOTTOM OF THE 1ST
Mississippi Mockingbirds batting - Pitching for Brooklyn Dodgers : RHP Elroy Thompkins
Pitching: RHP Elroy Thompkins
Batting: RHB Tony Calhoun 0-0: Ball
1-0: Swinging Strike
1-1: Swinging Strike
1-2: Ball
2-2: Fly out, F5 (Popup, 56S, EV 85.0 MPH)
Batting: LHB Chris Fitzgerald 0-0: Ball
1-0: Called Strike
1-1: Called Strike
1-2: Foul Ball, location: 2F
1-2: Ground out 5-3 (Groundball, 56, EV 93.8 MPH)
Batting: LHB Vicente Gonzáles 0-0: Called Strike
0-1: SINGLE (Groundball, 34D, EV 95.6 MPH)
Batting: LHB Javier Sánchez 0-0: Ball
1-0: Ball
2-0: Ground out U3 (Groundball, 3L, EV 80.0 MPH)
Bottom of the 1st over - 0 runs, 1 hit, 0 errors, 1 left on base; Brooklyn 3 - Mississippi 0
TOP OF THE 2ND
Brooklyn Dodgers batting - Pitching for Mississippi Mockingbirds : RHP Carlos Vargas
Batting: SHB Alvin Peterson 0-0: Ground out 3-1 (Groundball, 34, EV 105.0 MPH)
Batting: RHB Steve Pugh 0-0: Ball
1-0: Fly out, F9 (Line Drive, 9, EV 97.5 MPH)
Batting: LHB Alexis Raimbault 0-0: Swinging Strike
0-1: Ball
1-1: Ball
2-1: Ball
3-1: Fly out, F7 (Line Drive, 7, EV 93.8 MPH)
Top of the 2nd over - 0 runs, 0 hits, 0 errors, 0 left on base; Brooklyn 3 - Mississippi 0
BOTTOM OF THE 2ND
Mississippi Mockingbirds batting - Pitching for Brooklyn Dodgers : RHP Elroy Thompkins
Batting: RHB Shimei Miura 0-0: Called Strike
0-1: Ball
1-1: Swinging Strike
1-2: Fly out, F6 (Flyball, 6MD, EV 83.1 MPH)
Batting: LHB Warren King 0-0: Foul Ball, location: 2F
0-1: Ball
1-1: Ball
2-1: Ball
3-1: Base on Balls
Batting: LHB Owen Sharts 0-0: Ball
Warren King steals 2nd base
1-0: Foul Ball, location: 2F
1-1: Foul Ball, location: 2F
1-2: Foul Ball, location: 2F
1-2: Strikes out looking
Batting: RHB Iiri Haapajarvi 0-0: Ball
1-0: Fly out, F9 (Flyball, 9LM, EV 95.6 MPH)
Bottom of the 2nd over - 0 runs, 0 hits, 0 errors, 1 left on base; Brooklyn 3 - Mississippi 0
TOP OF THE 3RD
Brooklyn Dodgers batting - Pitching for Mississippi Mockingbirds : RHP Carlos Vargas
Batting: LHB Tony Wonder 0-0: Ball
1-0: Foul Ball, location: 2F
1-1: Ball
2-1: Ball
3-1: Ground out 6-3 (Groundball, 6, EV 104.4 MPH)
Batting: RHB Carlos Muñóz 0-0: Called Strike
0-1: Swinging Strike
0-2: Strikes out swinging
Batting: RHB Bill Chaundler 0-0: Ball
1-0: Called Strike
1-1: Called Strike
1-2: Foul Ball, location: 2F
1-2: SINGLE (Flyball, 9S, EV 95.6 MPH)
Batting: SHB Peer van Lochem 0-0: Called Strike
0-1: SINGLE (Line Drive, 4D, EV 94.4 MPH)
Bill Chaundler to second
Runner from 2nd tries for 3rd, SAFE, throw by CF made to third
Batting: LHB Hugh Hill Pickoff Throw to First - Out! 1-3
Top of the 3rd over - 0 runs, 2 hits, 0 errors, 1 left on base; Brooklyn 3 - Mississippi 0
BOTTOM OF THE 3RD
Mississippi Mockingbirds batting - Pitching for Brooklyn Dodgers : RHP Elroy Thompkins
Batting: SHB Robby Patterson 0-0: Called Strike
0-1: Called Strike
0-2: Strikes out swinging
Batting: RHB Tony Calhoun 0-0: Ground out 5-3 (Groundball, 56S, EV 67.5 MPH)
Batting: LHB Chris Fitzgerald 0-0: Ball
1-0: Foul Ball, location: 2F
1-1: Ball
2-1: Fly out, F5 (Popup, 5SF, EV 71.9 MPH)
Bottom of the 3rd over - 0 runs, 0 hits, 0 errors, 0 left on base; Brooklyn 3 - Mississippi 0
TOP OF THE 4TH
Brooklyn Dodgers batting - Pitching for Mississippi Mockingbirds : RHP Carlos Vargas
Batting: LHB Hugh Hill 0-0: Ball
1-0: Ball
2-0: Ground out 5-3 (Groundball, 56, EV 85.6 MPH)
Batting: RHB Quindarious Monday 0-0: Swinging Strike
0-1: Ground out 1-3 (Groundball, 13S, EV 68.8 MPH)
Batting: SHB Alvin Peterson 0-0: Called Strike
0-1: Ball
1-1: Foul Ball, location: 2F
1-2: SINGLE (Groundball, 34D, EV 100.6 MPH)
Batting: RHB Steve Pugh 0-0: Ball
1-0: Foul Ball, location: 2F
1-1: Ball
2-1: Ball
3-1: Fly out, F7 (Flyball, 7LS, EV 90.6 MPH)
Top of the 4th over - 0 runs, 1 hit, 0 errors, 1 left on base; Brooklyn 3 - Mississippi 0
BOTTOM OF THE 4TH
Mississippi Mockingbirds batting - Pitching for Brooklyn Dodgers : RHP Elroy Thompkins
Batting: LHB Vicente Gonzáles 0-0: Fly out, F7 (Flyball, 7LS, EV 96.2 MPH)
Batting: LHB Javier Sánchez 0-0: Fly out, F7 (Flyball, 7D, EV 84.4 MPH)
Batting: RHB Shimei Miura 0-0: Ground out 6-3 (Groundball, 6S, EV 86.9 MPH)
Bottom of the 4th over - 0 runs, 0 hits, 0 errors, 0 left on base; Brooklyn 3 - Mississippi 0
TOP OF THE 5TH
Brooklyn Dodgers batting - Pitching for Mississippi Mockingbirds : RHP Carlos Vargas
Batting: LHB Alexis Raimbault 0-0: Ball
1-0: Foul Ball, location: 2F
1-1: Called Strike
1-2: Ball
2-2: Strikes out swinging
Batting: LHB Tony Wonder 0-0: Called Strike
0-1: Ground out 5-3 (Groundball, 56, EV 85.6 MPH)
Batting: RHB Carlos Muñóz 0-0: Ground out 6-3 (Groundball, 6, EV 110.0 MPH)
Top of the 5th over - 0 runs, 0 hits, 0 errors, 0 left on base; Brooklyn 3 - Mississippi 0
BOTTOM OF THE 5TH
Mississippi Mockingbirds batting - Pitching for Brooklyn Dodgers : RHP Elroy Thompkins
Batting: LHB Warren King 0-0: Ball
1-0: Called Strike
1-1: Swinging Strike
1-2: Ground out 6-3 (Groundball, 6, EV 91.9 MPH)
Batting: LHB Owen Sharts 0-0: Called Strike
0-1: Foul Ball, location: 2F
0-2: Strikes out swinging
Batting: RHB Iiri Haapajarvi 0-0: Ground out 4-3 (Groundball, 4, EV 78.8 MPH)
Bottom of the 5th over - 0 runs, 0 hits, 0 errors, 0 left on base; Brooklyn 3 - Mississippi 0
TOP OF THE 6TH
Brooklyn Dodgers batting - Pitching for Mississippi Mockingbirds : RHP Carlos Vargas
Batting: RHB Bill Chaundler 0-0: Foul Ball, location: 2F
0-1: Ball
1-1: Swinging Strike
1-2: Strikes out looking
Batting: SHB Peer van Lochem 0-0: Swinging Strike
0-1: Ball
1-1: Ball
2-1: Ball
3-1: Called Strike
3-2: Base on Balls
Batting: LHB Hugh Hill 0-0: SINGLE (Groundball, 4D, EV 106.2 MPH)
Peer van Lochem to second
Runner from 2nd tries for 3rd, SAFE, throw by CF made to third
Batting: RHB Quindarious Monday 0-0: Fly out, F2 (Popup, 2R, EV 92.5 MPH)
Batting: SHB Alvin Peterson 0-0: Foul Ball, location: 2F
0-1: Ball
1-1: Foul Ball, location: 2F
1-2: Fly out, F8 (Flyball, 8RD, EV 98.1 MPH)
Top of the 6th over - 0 runs, 1 hit, 0 errors, 2 left on base; Brooklyn 3 - Mississippi 0
BOTTOM OF THE 6TH
Mississippi Mockingbirds batting - Pitching for Brooklyn Dodgers : RHP Elroy Thompkins
Batting: SHB Robby Patterson 0-0: Called Strike
0-1: Ball
1-1: Swinging Strike
1-2: Ball
2-2: Fly out, F7 (Line Drive, 7D, EV 88.8 MPH)
Batting: RHB Tony Calhoun 0-0: Swinging Strike
0-1: Fly out, F6 (Line Drive, 6, EV 73.1 MPH)
Batting: LHB Chris Fitzgerald 0-0: Foul Ball, location: 2F
0-1: Ball
1-1: Called Strike
1-2: Ball
2-2: Ball
3-2: Foul Ball, location: 2F
3-2: SOLO HOME RUN (Flyball, 89XD, EV 89.4 MPH), Distance : 422 ft
Batting: LHB Vicente Gonzáles 0-0: Ball
1-0: DOUBLE (Line Drive, 78XD, EV 107.5 MPH)
Batting: LHB Javier Sánchez 0-0: Foul Ball, location: 2F
0-1: Called Strike
0-2: Strikes out swinging
Bottom of the 6th over - 1 run, 2 hits, 0 errors, 1 left on base; Brooklyn 3 - Mississippi 1
TOP OF THE 7TH
Brooklyn Dodgers batting - Pitching for Mississippi Mockingbirds : RHP Carlos Vargas
Batting: RHB Steve Pugh 0-0: Ball
1-0: Ball
2-0: Foul Ball, location: 2F
2-1: Fly out, F9 (Line Drive, 9S, EV 95.0 MPH)
Batting: LHB Alexis Raimbault 0-0: Ball
1-0: Ball
2-0: Ball
3-0: Called Strike
3-1: Foul Ball, location: 2F
3-2: Base on Balls
Pitching: LHP Luis Vargas
Batting: LHB Tony Wonder 0-0: Foul Ball, location: 2F
0-1: Fly out, F7 (Flyball, 7S, EV 88.1 MPH)
Batting: RHB Carlos Muñóz 0-0: Called Strike
0-1: Ball
1-1: Ball
2-1: Foul Ball, location: 2F
2-2: Foul Ball, location: 2F
2-2: Ball
3-2: Base on Balls
Alexis Raimbault to second
Batting: RHB Bill Chaundler 0-0: Called Strike
0-1: Ball
1-1: Ball
2-1: Ball
3-1: DOUBLE (Flyball, 8RXD, EV 98.8 MPH)
Alexis Raimbault scores
Carlos Muñóz to third
Runner from 3rd tries for Home, SAFE, no throw by CF
Batting: SHB Peer van Lochem 0-0: Called Strike
0-1: Foul Ball, location: 2F
0-2: Ball
1-2: Ground out 5-3 (Groundball, 56S, EV 81.2 MPH)
Top of the 7th over - 2 runs, 1 hit, 0 errors, 1 left on base; Brooklyn 5 - Mississippi 1
BOTTOM OF THE 7TH
Mississippi Mockingbirds batting - Pitching for Brooklyn Dodgers : RHP Elroy Thompkins
Batting: RHB Shimei Miura 0-0: Ball
1-0: Ball
2-0: SINGLE (Line Drive, 8RS, EV 91.2 MPH)
Batting: LHB Warren King 0-0: Called Strike
0-1: Swinging Strike
0-2: Ball
1-2: Ball
2-2: Strikes out looking
Batting: LHB Owen Sharts 0-0: Ball
1-0: Called Strike
1-1: Called Strike
1-2: Ball
2-2: Fielders Choice at 2nd, 4-6 (Groundball, 4, EV 110.0 MPH)
Batting: RHB Iiri Haapajarvi 0-0: Called Strike
0-1: Ball
1-1: Ball
2-1: SINGLE (Flyball, 78M, EV 88.1 MPH)
Owen Sharts to second
Batting: SHB Robby Patterson 0-0: Swinging Strike
0-1: Ball
1-1: Called Strike
1-2: Strikes out swinging
Bottom of the 7th over - 0 runs, 2 hits, 0 errors, 2 left on base; Brooklyn 5 - Mississippi 1
TOP OF THE 8TH
Brooklyn Dodgers batting - Pitching for Mississippi Mockingbirds : LHP Luis Vargas
Batting: LHB Hugh Hill 0-0: Called Strike
0-1: Ball
1-1: Ball
2-1: Ball
3-1: Base on Balls
Batting: RHB Quindarious Monday 0-0: Swinging Strike
0-1: Foul Ball, location: 2F
0-2: Foul Ball, location: 2F
0-2: Fielders Choice at 2nd, 6-4 (Groundball, 6, EV 84.4 MPH)
Batting: SHB Alvin Peterson 0-0: Called Strike
0-1: Ground out 6-3 (Groundball, 6M, EV 103.1 MPH)
Quindarious Monday to second
Batting: RHB Steve Pugh 0-0: Swinging Strike
0-1: Ball
1-1: Ball
Passed Ball!
Quindarious Monday to third
2-1: Ball
3-1: Foul Ball, location: 2F
3-2: Foul Ball, location: 2F
3-2: Foul Ball, location: 2F
3-2: Foul Ball, location: 2F
3-2: Base on Balls
Pitching: RHP José Quiñones
Batting: LHB Alexis Raimbault 0-0: Swinging Strike
0-1: Foul Ball, location: 2F
0-2: Ball
1-2: Strikes out looking
Top of the 8th over - 0 runs, 0 hits, 0 errors, 2 left on base; Brooklyn 5 - Mississippi 1
BOTTOM OF THE 8TH
Mississippi Mockingbirds batting - Pitching for Brooklyn Dodgers : RHP Elroy Thompkins
Batting: RHB Tony Calhoun 0-0: Called Strike
0-1: Ball
1-1: Ball
2-1: Foul Ball, location: 2F
2-2: Ball
3-2: Base on Balls
Batting: LHB Chris Fitzgerald 0-0: Ball
1-0: Called Strike
1-1: Ball
2-1: Ball
3-1: Foul Ball, location: 2F
3-2: Foul Ball, location: 2F
3-2: Base on Balls
Tony Calhoun to second
Pitching: RHP Cliff Claven
Batting: LHB Vicente Gonzáles 0-0: Swinging Strike
0-1: Ball
1-1: Called Strike
1-2: Fly out, F8 (Flyball, 8LM, EV 91.9 MPH)
Runner from 2nd tags up, SAFE at 3rd with throw by CF
Batting: LHB Javier Sánchez 0-0: Ball
1-0: Ball
2-0: Swinging Strike
2-1: Fielders Choice at 2nd, 3-6 (Groundball, 3, EV 85.0 MPH)
Tony Calhoun scores
Batting: RHB Shimei Miura 0-0: Called Strike
0-1: Swinging Strike
0-2: Strikes out looking
Bottom of the 8th over - 1 run, 0 hits, 0 errors, 1 left on base; Brooklyn 5 - Mississippi 2
TOP OF THE 9TH
Brooklyn Dodgers batting - Pitching for Mississippi Mockingbirds : RHP José Quiñones
Batting: LHB Tony Wonder 0-0: Swinging Strike
0-1: Ball
1-1: Foul Ball, location: 2F
1-2: Foul Ball, location: 2F
1-2: Foul Ball, location: 2F
1-2: Foul Ball, location: 2F
1-2: Ball
2-2: Ball
3-2: DOUBLE (Line Drive, 7LM, EV 104.4 MPH)
Batting: RHB Carlos Muñóz 0-0: Called Strike
0-1: Foul Ball, location: 2F
0-2: Ball
1-2: Strikes out swinging
Batting: RHB Bill Chaundler 0-0: SINGLE (Groundball, 56D, EV 98.1 MPH)
Tony Wonder to third
Runner from 3rd tries for Home, SAFE, throw by LF to home
Batting: SHB Peer van Lochem 0-0: Ball
1-0: Swinging Strike
1-1: Ball
2-1: Foul Ball, location: 2F
2-2: Foul Ball, location: 2F
2-2: Strikes out swinging
Batting: LHB Hugh Hill 0-0: Foul Ball, location: 2F
0-1: Fielders Choice at 2nd, U6 (Groundball, 6M, EV 83.8 MPH)
Top of the 9th over - 1 run, 2 hits, 0 errors, 1 left on base; Brooklyn 6 - Mississippi 2
BOTTOM OF THE 9TH
Mississippi Mockingbirds batting - Pitching for Brooklyn Dodgers : RHP Cliff Claven
Batting: LHB Warren King 0-0: Ball
1-0: Foul Ball, location: 2F
1-1: Ball
2-1: Swinging Strike
2-2: Foul Ball, location: 2F
2-2: Foul Ball, location: 2F
2-2: Foul Ball, location: 2F
2-2: Ball
3-2: SINGLE (Groundball, 4D, EV 105.6 MPH)
Batting: LHB Owen Sharts 0-0: Called Strike
0-1: Foul Ball, location: 2F
0-2: Strikes out swinging
Batting: RHB Iiri Haapajarvi 0-0: Foul Ball, location: 2F
0-1: Fielders Choice at 2nd, 4-6 (Groundball, 4, EV 88.1 MPH)
Batting: SHB Robby Patterson 0-0: Ball
1-0: Ball
2-0: Ball
3-0: Swinging Strike
3-1: Foul Ball, location: 2F
3-2: Strikes out swinging
Bottom of the 9th over - 0 runs, 1 hit, 0 errors, 1 left on base; Brooklyn 6 - Mississippi 2
Wednesday, July 8th, 2020 - OOTP Baseball 20.8 Build 74